[Event "Titled Tuesday Blitz February 01 B 2022"]
[White "Praggnanandhaa R"]
[Black "Nazaretyan, Tigran"]
[WhiteFideId "25059530"]
[BlackFideId "24162345"]
[WhiteElo "2599"]
[BlackElo "2192"]
[Result "1-0"]
[Round "02"]
[TimeControl "180+1"]
[Date "2022.02.01"]
[WhiteClock "0:00:58"]
[BlackClock "0:01:02"]

1. Nf3 Nf6 2. b3 g6 3. Bb2 Bg7 4. g3 O-O 5. Bg2 b6 6. Ne5 c6 7. d4 Bb7 8. O-O d6 9. Nd3 Qc7 10. c4 Nbd7 11. Nc3 a6 12. Rc1 c5 13. d5 e5 14. dxe6 Bxg2 15. exf7+ Rxf7 16. Kxg2 Qc6+ 17. Kg1 Raf8 18. Nf4 Ne5 19. Ncd5 Nxd5 20. cxd5 Qd7 21. Ne6 Re8 22. Qc2 Rxe6 23. dxe6 Qxe6 24. Bxe5 Bxe5 25. e3 b5 26. a4 b4 27. a5 Bc3 28. Rcd1 d5 29. Rd3 c4 30. Rxc3 bxc3 31. Qxc3 Rc7 32. bxc4 dxc4 33. Rd1 Kf7 34. Rd4 g5 35. e4 h5 36. Kg2 g4 37. Qe3 Qf6 38. Rd5 c3 39. Rf5 Qxf5 40. exf5 c2 41. Qe6+ Kf8 42. Qd6+ Re7 43. Qc5 Kf7 44. Qxc2 Re5 45. Qc4+ Kf6 46. Qxa6+ Kxf5 47. Qd3+ Kg5 48. a6 h4 49. gxh4+ Kxh4 50. Qg3+ Kg5 51. Qxe5+ 1-0


[Site "https://www.chess.com"]

[Event "Titled Tuesday Blitz February 01 B 2022"]
[White "Pranav, V"]
[Black "Abdyzhapar, Asylbek"]
[WhiteFideId "25060783"]
[BlackFideId "13800337"]
[WhiteElo "2349"]
[BlackElo "2331"]
[Result "1-0"]
[Round "02"]
[TimeControl "180+1"]
[Date "2022.02.01"]
[WhiteClock "0:02:06"]
[BlackClock "0:00:25"]

1. e4 c5 2. Nf3 d6 3. Bb5+ Nd7 4. d4 a6 5. Bxd7+ Bxd7 6. dxc5 dxc5 7. Nc3 Bc6 8. Qe2 e6 9. Ne5 Qc7 10. Nxc6 Qxc6 11. O-O Nf6 12. e5 Nd5 13. Ne4 Be7 14. c4 Nb6 15. Re1 O-O 16. b3 Rfd8 17. Qg4 g6 18. Bg5 Bxg5 19. Qxg5 Rd4 20. Nf6+ Kg7 21. Ng4 Nd7 22. Re3 Kh8 23. Rh3 Rxg4 24. Qxg4 Nxe5 25. Qf4 Qd6 26. Qh6 Kg8 27. Qxh7+ Kf8 28. Qh8+ Ke7 29. Qxa8 Qd4 30. Qxb7+ Kf6 31. Rf1 1-0


[Site "https://www.chess.com"]

[Event "Titled Tuesday Blitz February 01 B 2022"]
[White "Romanchuk, Viktor"]
[Black "Dobrov, Vladimir"]
[WhiteFideId "14109271"]
[BlackFideId "4136594"]
[WhiteElo "2242"]
[BlackElo "2614"]
[Result "1-0"]
[Round "02"]
[TimeControl "180+1"]
[Date "2022.02.01"]
[WhiteClock "0:00:11"]
[BlackClock "0:00:04"]

1. d4 Nf6 2. c4 e6 3. Nc3 Bb4 4. e3 d5 5. a3 Bxc3+ 6. bxc3 c6 7. Bd3 e5 8. cxd5 e4 9. Bf1 cxd5 10. c4 O-O 11. Bd2 Nc6 12. h3 Re8 13. Rb1 b6 14. cxd5 Nxd5 15. Bb5 Bd7 16. Ne2 Qg5 17. Kf1 a6 18. Bxc6 Bxc6 19. Nc3 Nxc3 20. Bxc3 Rac8 21. Kg1 Bd5 22. Bd2 Re6 23. Qg4 Qd8 24. Kh2 Rc2 25. Rhd1 Rec6 26. Be1 a5 27. Qf5 g6 28. Qe5 Re6 29. Qf4 Qc8 30. Rb5 Bc4 31. Re5 Bd3 32. d5 Rxe5 33. Qxe5 Rc5 34. f3 Be2 35. Rd2 exf3 36. gxf3 Bxf3 37. e4 Rc4 38. d6 Rxe4 39. d7 Qd8 40. Qc3 Be2 41. Qc8 1-0


[Site "https://www.chess.com"]

[Event "Titled Tuesday Blitz February 01 B 2022"]
[White "Ronka, Erik"]
[Black "Svane, Frederik"]
[WhiteFideId "505080"]
[BlackFideId "12923044"]
[WhiteElo "2264"]
[BlackElo "2459"]
[Result "0-1"]
[Round "02"]
[TimeControl "180+1"]
[Date "2022.02.01"]
[WhiteClock "0:02:13"]
[BlackClock "0:02:45"]

1. d4 Nf6 2. Nf3 e6 3. g3 d5 4. Bg2 b5 5. O-O Be7 6. a4 b4 7. c4 bxc3 8. Nxc3 O-O 9. Bf4 a5 10. Nb5 c6 11. Nc7 Ra7 12. Nxe6 Bxe6 13. Bxb8 Qxb8 14. Ne5 Rc8 15. Qc2 c5 0-1


[Site "https://www.chess.com"]

[Event "Titled Tuesday Blitz February 01 B 2022"]
[White "Sadhwani, Raunak"]
[Black "Wu, Christopher"]
[WhiteFideId "35093487"]
[BlackFideId "2040875"]
[WhiteElo "2616"]
[BlackElo "2635"]
[Result "1-0"]
[Round "02"]
[TimeControl "180+1"]
[Date "2022.02.01"]
[WhiteClock "0:01:07"]
[BlackClock "0:00:24"]

1. d4 Nf6 2. Nf3 d5 3. Bf4 c5 4. e3 Nc6 5. Nbd2 Bg4 6. c3 e6 7. h3 Bh5 8. Qb3 Qb6 9. Nh4 Be7 10. g4 Bg6 11. Nxg6 hxg6 12. Bg2 Rc8 13. O-O Qxb3 14. axb3 a6 15. dxc5 Bxc5 16. b4 Be7 17. Nb3 O-O 18. Rfd1 Rfd8 19. Nc5 Bxc5 20. bxc5 Na7 21. b4 Rd7 22. g5 Ne8 23. c4 Rcd8 24. b5 dxc4 25. Rxd7 Rxd7 26. bxa6 bxa6 27. c6 Rd8 28. c7 Rc8 29. Bb7 Rxc7 30. Bxc7 Nxc7 31. Bxa6 Nxa6 32. Rxa6 Nb5 33. Rc6 c3 34. h4 Kf8 35. Rc5 Nd6 36. Rxc3 Nf5 37. Rc4 Ke7 38. Kg2 Kd6 39. Kh3 Ne7 40. Kg4 Nc6 41. Ra4 Ne5+ 42. Kg3 Nc6 43. f4 Ne7 44. e4 Nc6 45. Kg4 e5 46. f5 gxf5+ 47. Kxf5 Nd4+ 48. Kg4 Ne6 49. Ra7 Nd8 50. h5 Ke6 51. h6 gxh6 52. gxh6 Kf6 53. h7 Kg7 54. h8=Q+ 1-0


[Site "https://www.chess.com"]

[Event "Titled Tuesday Blitz February 01 B 2022"]
[White "Sadovsky, Artem"]
[Black "Bluebaum, Matthias"]
[WhiteFideId "4155840"]
[BlackFideId "24651516"]
[WhiteElo "2369"]
[BlackElo "2550"]
[Result "0-1"]
[Round "02"]
[TimeControl "180+1"]
[Date "2022.02.01"]
[WhiteClock "0:00:04"]
[BlackClock "0:01:40"]

1. Nf3 d5 2. e3 Nf6 3. c4 e6 4. b3 Bd6 5. Bb2 O-O 6. Be2 Re8 7. d4 b6 8. O-O Bb7 9. cxd5 exd5 10. Ne5 c5 11. f4 Nc6 12. Nd2 Rc8 13. Ndf3 Ne4 14. Rc1 f6 15. Nxc6 Bxc6 16. Ba6 Rc7 17. Re1 Rce7 18. dxc5 Nxc5 19. Bf1 Qd7 20. Nd4 Bxf4 21. Nxc6 Qxc6 22. b4 Rxe3 23. Rxe3 Bxe3+ 24. Kh1 Ne4 25. Rc2 Nf2+ 26. Rxf2 Bxf2 27. Be2 Qe6 0-1


[Site "https://www.chess.com"]

[Event "Titled Tuesday Blitz February 01 B 2022"]
[White "Salinas Herrera, Pablo"]
[Black "Jocev, Milan"]
[WhiteFideId "3407128"]
[BlackFideId "900680"]
[WhiteElo "2541"]
[BlackElo "2322"]
[Result "1-0"]
[Round "02"]
[TimeControl "180+1"]
[Date "2022.02.01"]
[WhiteClock "0:01:42"]
[BlackClock "0:00:05"]

1. d4 Nf6 2. Nf3 g6 3. Bf4 Bg7 4. e3 O-O 5. h3 d6 6. Bh2 Nfd7 7. Be2 e5 8. O-O Nc6 9. c4 e4 10. Nfd2 f5 11. Nc3 Nf6 12. Rb1 a5 13. a3 Bd7 14. b4 axb4 15. axb4 h5 16. Qc2 Ne7 17. b5 Be6 18. Nb3 g5 19. d5 Bf7 20. b6 g4 21. bxc7 Qxc7 22. Nb5 Qd7 23. hxg4 Nxg4 24. Bxd6 Be5 25. Nc5 Qd8 26. Nxb7 Qc8 27. Bxg4 Qxb7 28. Bxe5 hxg4 29. Nd6 Qd7 30. Rb7 Qd8 31. Qb2 Ng6 32. Nxf7 Rxf7 33. Rxf7 Kxf7 34. Qb7+ Ke8 35. Qc6+ 1-0


[Site "https://www.chess.com"]

[Event "Titled Tuesday Blitz February 01 B 2022"]
[White "Suder, Jakub"]
[Black "Bok, Benjamin"]
[WhiteFideId "1195310"]
[BlackFideId "1017063"]
[WhiteElo "2058"]
[BlackElo "2658"]
[Result "0-1"]
[Round "02"]
[TimeControl "180+1"]
[Date "2022.02.01"]
[WhiteClock "0:00:13"]
[BlackClock "0:00:03"]

1. d4 d5 2. c4 c6 3. cxd5 cxd5 4. Bg5 Nc6 5. Nc3 f6 6. Bd2 e6 7. Nf3 Bd6 8. e4 Nge7 9. Rc1 O-O 10. Bd3 dxe4 11. Nxe4 Bc7 12. O-O Bb6 13. Nc5 Nxd4 14. Nxd4 Qxd4 15. Rc4 Qd8 16. Qf3 Ng6 17. Bc3 e5 18. Rd1 Qe7 19. Bb4 Rd8 20. Ne4 Qe6 21. Rc3 Qe8 22. Nd6 Rxd6 23. Bxd6 Be6 24. Qxb7 Rd8 25. Ba3 Nf4 26. Bc2 Ne2+ 27. Kf1 Nxc3 28. bxc3 Rxd1+ 29. Bxd1 Bxa2 30. Be2 Be6 31. h3 Qd7 32. Qa8+ Qc8 33. Qf3 a5 34. Qd3 Bc5 35. Bb2 Bf8 36. c4 a4 37. Ba3 Bxa3 38. Qxa3 Qc6 39. c5 Kf7 40. Qb4 Bd5 41. Qa3 Bxg2+ 42. Ke1 Bd5 43. Bd3 e4 44. Be2 f5 45. Qb2 Qxc5 46. Qb8 a3 47. Bd1 a2 48. Qe5 Qa5+ 49. Kf1 Bc4+ 50. Kg2 Qxe5 51. Bc2 a1=Q 0-1


[Site "https://www.chess.com"]

[Event "Titled Tuesday Blitz February 01 B 2022"]
[White "Sydoryka, Vladyslav"]
[Black "Abdrlauf, Elham"]
[WhiteFideId "14145928"]
[BlackFideId "1533533"]
[WhiteElo "2265"]
[BlackElo "2334"]
[Result "0-1"]
[Round "02"]
[TimeControl "180+1"]
[Date "2022.02.01"]
[WhiteClock "0:00:01"]
[BlackClock "0:00:12"]

1. c4 e5 2. g3 Nf6 3. Bg2 c6 4. Nf3 e4 5. Nd4 d5 6. d3 exd3 7. Qxd3 dxc4 8. Qxc4 Be7 9. Nc3 O-O 10. O-O Nbd7 11. Rd1 Re8 12. Nf5 Bf8 13. Nd6 Bxd6 14. Rxd6 Qa5 15. Bf4 Ne5 16. Qd4 Ng6 17. Rd1 Be6 18. Bc1 Qh5 19. b3 Bh3 20. Rxf6 gxf6 21. Bb2 Bxg2 22. Kxg2 Qe5 23. Qd2 Qe7 24. Qc2 Rad8 25. Rxd8 Qxd8 26. Ne4 Ne5 27. f4 Qd5 28. fxe5 f5 29. e6 Qxe4+ 30. Qxe4 fxe4 31. exf7+ Kxf7 32. Kf2 Ke6 33. Ke3 Kd5 34. Bc3 b6 35. g4 a5 36. h4 Ra8 37. g5 a4 38. h5 axb3 39. axb3 Ra7 40. g6 hxg6 41. h6 Rh7 42. Bg7 c5 43. Kf4 Ke6 44. Kxe4 Kf7 45. Kd5 g5 0-1


[Site "https://www.chess.com"]

[Event "Titled Tuesday Blitz February 01 B 2022"]
[White "Tang, Andrew"]
[Black "Golubev, Mikhail"]
[WhiteFideId "2059630"]
[BlackFideId "14100983"]
[WhiteElo "2584"]
[BlackElo "2374"]
[Result "1-0"]
[Round "02"]
[TimeControl "180+1"]
[Date "2022.02.01"]
[WhiteClock "0:00:07"]
[BlackClock "0:00:05"]

1. d4 Nf6 2. Nf3 d6 3. Nbd2 g6 4. e4 Bg7 5. Bd3 O-O 6. O-O b6 7. e5 Nfd7 8. Re1 Bb7 9. e6 fxe6 10. Rxe6 c5 11. Qe2 cxd4 12. Rxe7 Bf6 13. Re4 Nc5 14. Rf4 Nxd3 15. Qxd3 Nc6 16. Ne4 Ne5 17. Qb3+ Kg7 18. Nxd4 Bc8 19. Rxf6 Rxf6 20. Bg5 Ng4 21. h3 d5 22. Nxf6 Nxf6 23. Re1 Qd6 24. Qc3 Kf7 25. Nb5 Qd8 26. Bxf6 Qxf6 27. Qc7+ Kf8 28. Qxh7 Be6 29. Nc7 Bg8 30. Qh6+ 1-0


[Site "https://www.chess.com"]

[Event "Titled Tuesday Blitz February 01 B 2022"]
[White "Van Foreest, Jorden"]
[Black "Fishbein, Alexander"]
[WhiteFideId "1039784"]
[BlackFideId "2000377"]
[WhiteElo "2609"]
[BlackElo "2442"]
[Result "1-0"]
[Round "02"]
[TimeControl "180+1"]
[Date "2022.02.01"]
[WhiteClock "0:02:29"]
[BlackClock "0:00:44"]

1. Nf3 Nf6 2. g3 g6 3. b3 Bg7 4. Bb2 O-O 5. Bg2 d6 6. d4 a5 7. a4 Nc6 8. O-O Bf5 9. Na3 Be4 10. Nc4 Nb4 11. c3 Bc2 12. Qc1 Bxb3 13. cxb4 axb4 14. a5 Qd7 15. Nfd2 Bxc4 16. Qxc4 d5 17. Qxb4 c6 18. Nb3 Ne4 19. Bxe4 dxe4 20. Nc5 Qd5 21. Qb3 Ra7 22. Qxd5 cxd5 23. Rfb1 Rfa8 24. Bc3 e6 25. Rxb7 1-0


[Site "https://www.chess.com"]

[Event "Titled Tuesday Blitz February 01 B 2022"]
[White "Warmerdam, Max"]
[Black "Hua, Lefong"]
[WhiteFideId "1048104"]
[BlackFideId "2602253"]
[WhiteElo "2537"]
[BlackElo "2575"]
[Result "1-0"]
[Round "02"]
[TimeControl "180+1"]
[Date "2022.02.01"]
[WhiteClock "0:00:18"]
[BlackClock "0:00:13"]

1. d4 Nf6 2. c4 g6 3. g3 Bg7 4. Bg2 O-O 5. Nc3 d6 6. Nf3 Nc6 7. O-O a6 8. d5 Na5 9. b3 c5 10. dxc6 Nxc6 11. Bg5 Be6 12. Rc1 Qa5 13. Qd2 Rfc8 14. a4 Rab8 15. Rfd1 Qb4 16. Qc2 Bf5 17. e4 Be6 18. h3 Na5 19. Nd4 Nc6 20. Nxe6 fxe6 21. h4 Qa5 22. Bd2 Nd4 23. Qb1 e5 24. Nd5 Qd8 25. Qd3 Nxd5 26. cxd5 Rxc1 27. Rxc1 Rc8 28. Bh3 Rxc1+ 29. Bxc1 Qc7 30. Be3 a5 31. Kg2 h5 32. f4 Kh7 33. f5 Bf6 34. fxg6+ Kxg6 35. Bf5+ Kg7 36. Bxd4 exd4 37. Qd1 Qc3 38. Qxh5 Qd2+ 39. Kh3 Qh6 40. Qxh6+ Kxh6 41. g4 Be5 42. g5+ Kh5 43. Bg4+ Kg6 44. Be2 Bf4 45. Kg4 Bd2 46. h5+ Kg7 47. Kf5 Be3 48. h6+ Kh7 49. Bd3 Bd2 50. Kg4 Kh8 51. Kh5 Be3 52. g6 Kg8 53. Be2 Bf4 54. Bg4 1-0


[Site "https://www.chess.com"]

[Event "Titled Tuesday Blitz February 01 B 2022"]
[White "Wieczorek, Oskar"]
[Black "Nepomniachtchi, Ian"]
[WhiteFideId "1133950"]
[BlackFideId "4168119"]
[WhiteElo "2319"]
[BlackElo "2740"]
[Result "1-0"]
[Round "02"]
[TimeControl "180+1"]
[Date "2022.02.01"]
[WhiteClock "0:00:19"]
[BlackClock "0:00:26"]

1. e4 c5 2. Nf3 d6 3. d4 cxd4 4. Nxd4 Nf6 5. Nc3 a6 6. h4 e5 7. Nb3 h6 8. Be3 Be7 9. Be2 Be6 10. Qd2 Nbd7 11. f4 exf4 12. Bxf4 Ne5 13. O-O-O Rc8 14. Kb1 Nfg4 15. Nd4 Nc4 16. Bxc4 Rxc4 17. Nxe6 fxe6 18. Qe2 Rxc3 19. Qxg4 Rc6 20. Qxe6 Rf8 21. Qg6+ Kd7 22. Qg4+ Kc7 23. e5 d5 24. e6+ Kc8 25. Bg3 b5 26. Rhe1 Kb7 27. Re5 d4 28. Rxd4 Rf1+ 29. Re1 Rxe1+ 30. Bxe1 Rd6 31. Qe4+ Kb6 32. Bf2 Rxd4 33. Bxd4+ Kc7 34. h5 Bf6 35. c3 Qe7 36. Qd5 Qd6 37. Qxd6+ Kxd6 38. Bxf6 gxf6 39. Kc2 Kxe6 40. Kd3 Kf5 41. b3 Kg4 42. c4 f5 43. c5 Kg3 44. c6 Kxg2 45. c7 f4 46. c8=Q f3 47. Qg4+ Kf2 48. Ke4 Ke2 49. Qxf3+ Kd2 50. Qd3+ Kc1 51. Qe2 1-0


[Site "https://www.chess.com"]

[Event "Titled Tuesday Blitz February 01 B 2022"]
[White "Zhigalko, Sergei"]
[Black "Cori T., Deysi"]
[WhiteFideId "13502956"]
[BlackFideId "3801934"]
[WhiteElo "2662"]
[BlackElo "2350"]
[Result "1-0"]
[Round "02"]
[TimeControl "180+1"]
[Date "2022.02.01"]
[WhiteClock "0:01:17"]
[BlackClock "0:00:08"]

1. e4 e6 2. d4 d5 3. e5 b6 4. c3 Qd7 5. Nf3 Ne7 6. h4 c5 7. h5 h6 8. Bf4 Nec6 9. Nbd2 Be7 10. Be2 Ba6 11. O-O Bxe2 12. Qxe2 a5 13. Rad1 Na6 14. Rfe1 Nc7 15. dxc5 bxc5 16. Ne4 O-O 17. Nh2 Qc8 18. Ng3 Rd8 19. Ng4 Bf8 20. Bxh6 d4 21. Bg5 Nd5 22. Bxd8 Qxd8 23. Ne4 Rb8 24. h6 Qh4 25. g3 Qh3 26. c4 Nde7 27. Ng5 d3 28. Rxd3 1-0


[Site "https://www.chess.com"]

[Event "Titled Tuesday Blitz February 01 B 2022"]
[White "Abdrlauf, Elham"]
[Black "Yuan, Qingyu"]
[WhiteFideId "1533533"]
[BlackFideId "8609772"]
[WhiteElo "2334"]
[BlackElo "2359"]
[Result "1-0"]
[Round "03"]
[TimeControl "180+1"]
[Date "2022.02.01"]
[WhiteClock "0:00:23"]
[BlackClock "0:00:04"]

1. e4 c6 2. d4 d5 3. Nc3 dxe4 4. Nxe4 Nf6 5. Nxf6+ exf6 6. c3 Bd6 7. Bd3 O-O 8. Qc2 Re8+ 9. Ne2 h5 10. O-O h4 11. Bf4 Be6 12. Rfe1 Na6 13. h3 Nc7 14. Qd2 Bf8 15. c4 a5 16. Nc3 Qd7 17. Rad1 Rad8 18. b3 Bb4 19. Qb2 Bd6 20. Bxd6 Qxd6 21. Re4 f5 22. Rxh4 g5 23. Rh5 f6 24. Qe2 Qxd4 25. Bxf5 Qxd1+ 26. Nxd1 Bxf5 27. Ne3 Bg6 28. Qf3 Bxh5 29. Qxh5 Re7 30. Nf5 Rf7 31. Nh6+ Kg7 32. Qxf7+ Kxh6 33. Qxf6+ Kh5 34. Qxd8 1-0


[Site "https://www.chess.com"]

[Event "Titled Tuesday Blitz February 01 B 2022"]
[White "Araujo Sanchez, Josue"]
[Black "Jones, Gawain C B"]
[WhiteFideId "6416896"]
[BlackFideId "409561"]
[WhiteElo "2357"]
[BlackElo "2657"]
[Result "0-1"]
[Round "03"]
[TimeControl "180+1"]
[Date "2022.02.01"]
[WhiteClock "0:00:08"]
[BlackClock "0:00:41"]

1. e4 e5 2. Nf3 Nc6 3. Bb5 a6 4. Ba4 Nf6 5. d3 d6 6. O-O g6 7. c3 Bg7 8. Nbd2 O-O 9. Re1 Bd7 10. Bc2 Nh5 11. Nf1 Kh8 12. d4 Bg4 13. d5 Ne7 14. Ne3 Bd7 15. g3 Qe8 16. Qe2 f5 17. Ng5 f4 18. Nf1 Bh6 19. Ne6 Bxe6 20. dxe6 Nc6 21. Qg4 fxg3 22. hxg3 Bxc1 23. Raxc1 Nd8 24. Bb3 Ng7 25. Ne3 Ndxe6 26. Kg2 Qf7 27. Rf1 Rae8 28. Rcd1 Nh5 29. Nd5 Nf6 30. Qe2 Nxd5 31. Bxd5 c6 32. Bc4 b5 33. Bb3 Qe7 34. Qe3 Nc5 35. Bc2 Rf6 36. b4 Ne6 37. a4 Ref8 38. Bb3 Qc7 39. axb5 axb5 40. Ra1 Rf3 41. Qa7 Qxa7 42. Rxa7 Ng5 43. Ba2 Nxe4 44. Be6 Rxf2+ 45. Rxf2 Rxf2+ 46. Kg1 Rf6 47. Bd7 d5 48. Rc7 Nxc3 49. Bxc6 d4 50. g4 d3 51. g5 Rxc6 52. Rxc6 d2 0-1


[Site "https://www.chess.com"]

[Event "Titled Tuesday Blitz February 01 B 2022"]
[White "Avila Pavas, Santiago"]
[Black "Grigoriants, Sergey"]
[WhiteFideId "4437128"]
[BlackFideId "4130804"]
[WhiteElo "2242"]
[BlackElo "2502"]
[Result "0-1"]
[Round "03"]
[TimeControl "180+1"]
[Date "2022.02.01"]
[WhiteClock "0:00:03"]
[BlackClock "0:00:04"]

1. d4 Nf6 2. Nf3 d5 3. Bf4 c5 4. e3 Nc6 5. Nbd2 Bg4 6. Be2 e6 7. O-O cxd4 8. exd4 Bd6 9. Ne5 Bxe2 10. Qxe2 Nxd4 11. Qd3 Nc6 12. Nxc6 bxc6 13. Bg5 Qb8 14. Qc3 O-O 15. Bxf6 gxf6 16. Nf3 Qb4 17. Qxf6 Qf4 18. Qc3 c5 19. Rad1 Rab8 20. b3 Rb4 21. Qd3 Rfb8 22. c4 d4 23. Rfe1 a5 24. Re4 Qf5 25. Nh4 Qf6 26. Rg4+ Kh8 27. Nf3 a4 28. Rh4 Qg6 29. Qd2 axb3 30. axb3 Rxb3 31. Nxd4 Rb1 32. Nb5 Rxd1+ 33. Qxd1 Be5 34. g3 Qf5 35. Qd7 Rg8 36. Qe7 Bf6 37. Qxf7 Bxh4 0-1


[Site "https://www.chess.com"]

[Event "Titled Tuesday Blitz February 01 B 2022"]
[White "Babazada, Khazar"]
[Black "Papp, Levente"]
[WhiteFideId "13413554"]
[BlackFideId "751243"]
[WhiteElo "2418"]
[BlackElo "2308"]
[Result "1-0"]
[Round "03"]
[TimeControl "180+1"]
[Date "2022.02.01"]
[WhiteClock "0:01:17"]
[BlackClock "0:00:14"]

1. e4 e6 2. d4 d5 3. Nc3 Bb4 4. e5 Ne7 5. a3 Bxc3+ 6. bxc3 b6 7. a4 Ba6 8. Bxa6 Nxa6 9. Qg4 Ng6 10. h4 h5 11. Qg3 c5 12. Ne2 cxd4 13. cxd4 Nb4 14. Qb3 Nc6 15. Ba3 Qd7 16. Qd3 Rc8 17. Nc3 Nge7 18. Nb5 Nf5 19. f3 a6 20. Nd6+ Nxd6 21. Bxd6 f5 22. O-O Kf7 23. Rfb1 Rb8 24. c3 Rb7 25. Qxa6 Na5 26. Rxb6 Rxb6 27. Qxb6 Ra8 28. Qb5 Ke8 29. Bb4 Nc4 30. Qc5 Rc8 31. Qf8# 1-0


[Site "https://www.chess.com"]

[Event "Titled Tuesday Blitz February 01 B 2022"]
[White "Barp, Alberto"]
[Black "Warmerdam, Max"]
[WhiteFideId "872555"]
[BlackFideId "1048104"]
[WhiteElo "2229"]
[BlackElo "2537"]
[Result "1-0"]
[Round "03"]
[TimeControl "180+1"]
[Date "2022.02.01"]
[WhiteClock "0:00:17"]
[BlackClock "0:00:11"]

1. d4 d5 2. c4 e6 3. Nf3 a6 4. Bg5 Be7 5. Bxe7 Qxe7 6. Nbd2 Nf6 7. g3 b6 8. Bg2 Bb7 9. cxd5 exd5 10. O-O Nbd7 11. Rc1 c5 12. dxc5 bxc5 13. Nb3 O-O 14. Na5 Rab8 15. Nxb7 Rxb7 16. b3 a5 17. Nd2 Re8 18. Re1 Ne5 19. Qc2 Rc7 20. Qc3 a4 21. b4 d4 22. Qc2 c4 23. Qxa4 c3 24. Nb3 Rc4 25. a3 Nfg4 26. h3 Nf6 27. Red1 Rd8 28. Na5 Rcc8 29. b5 d3 30. exd3 Nxd3 31. Nc6 Rxc6 32. bxc6 Nxc1 33. Rxc1 h5 34. Qb4 Qc7 35. Qxc3 h4 36. g4 Ne8 37. Qb3 Nd6 38. Qe3 Nb5 39. a4 Nd4 40. Rd1 Nxc6 41. Rc1 Rd6 42. Bxc6 Re6 43. Qc3 Qf4 44. Bf3 Re8 45. Kg2 Rd8 46. Qc4 Rd4 47. Qc8+ Kh7 48. Qf5+ Qxf5 49. gxf5 Rxa4 50. Rc7 f6 51. Rc5 Rf4 52. Bg4 Kh6 53. Rd5 Kg5 54. Rd7 Kh6 55. Rd8 Kh7 56. Rd3 Kh6 57. Rf3 Rd4 58. Re3 Rf4 59. f3 Rd4 60. Re4 Rd2+ 61. Kf1 Kg5 62. f4+ Kh6 63. Re2 Rd4 64. Kf2 Rxf4+ 65. Ke3 Rb4 66. Kf3 Rb3+ 67. Re3 Rb4 68. Rd3 Ra4 69. Rd8 Kg5 70. Rg8 Kh6 71. Rh8+ Kg5 72. Rh5# 1-0


[Site "https://www.chess.com"]

[Event "Titled Tuesday Blitz February 01 B 2022"]
[White "Bluebaum, Matthias"]
[Black "Przybylski, Wojciech"]
[WhiteFideId "24651516"]
[BlackFideId "1117599"]
[WhiteElo "2550"]
[BlackElo "2133"]
[Result "1-0"]
[Round "03"]
[TimeControl "180+1"]
[Date "2022.02.01"]
[WhiteClock "0:00:12"]
[BlackClock "0:00:01"]

1. d4 d5 2. c4 c6 3. Nc3 Nf6 4. Nf3 e6 5. Qc2 Nbd7 6. e4 dxe4 7. Nxe4 Nxe4 8. Qxe4 Bb4+ 9. Bd2 Qa5 10. Bd3 Nf6 11. Qe2 O-O 12. O-O Bxd2 13. Nxd2 Rd8 14. Nf3 c5 15. dxc5 Qxc5 16. Rad1 Bd7 17. Ne5 Be8 18. Rd2 Rd6 19. Rfd1 Rad8 20. a3 a5 21. h3 Ba4 22. Rb1 Bb3 23. g4 h6 24. h4 Rd4 25. g5 Nd7 26. Nf3 Rg4+ 27. Kf1 h5 28. Re1 Re8 29. Qe3 Bxc4 30. Qxc5 Bxd3+ 31. Rxd3 Nxc5 32. Rc3 b6 33. Rd1 e5 34. Re3 e4 35. Nd4 Rxh4 36. Ke2 Rg4 37. b4 Ne6 38. Nf5 Rxg5 39. Nd6 Rd8 40. Nxe4 Re5 41. Rxd8+ Nxd8 42. f4 Re6 43. f5 Re5 44. bxa5 bxa5 45. Ng5 1-0


[Site "https://www.chess.com"]

[Event "Titled Tuesday Blitz February 01 B 2022"]
[White "Bok, Benjamin"]
[Black "Dilmukhametov, Artur"]
[WhiteFideId "1017063"]
[BlackFideId "24179922"]
[WhiteElo "2658"]
[BlackElo "2266"]
[Result "1-0"]
[Round "03"]
[TimeControl "180+1"]
[Date "2022.02.01"]
[WhiteClock "0:01:56"]
[BlackClock "0:01:34"]

1. d4 d5 2. c4 c6 3. cxd5 cxd5 4. Nf3 Nf6 5. Nc3 Nc6 6. Bf4 Bf5 7. e3 e6 8. Qb3 Qb6 9. Qxb6 axb6 10. Rc1 Nd7 11. a3 Be7 12. Be2 O-O 13. O-O Rfc8 14. Nb5 f6 15. Nh4 Bg6 16. Nxg6 hxg6 17. Nc7 e5 18. Nxd5 exf4 19. Rxc6 bxc6 20. Nxe7+ Kf7 21. Nxc8 Rxc8 22. exf4 Ke6 23. Bc4+ Kd6 24. Re1 b5 25. Re6+ Kc7 26. Bd3 Rg8 27. Bxg6 Nb6 28. Be4 1-0


[Site "https://www.chess.com"]

[Event "Titled Tuesday Blitz February 01 B 2022"]
[White "Boros, Denes"]
[Black "Pinheiro, Iung Alicio de O."]
[WhiteFideId "722340"]
[BlackFideId "2104350"]
[WhiteElo "2464"]
[BlackElo "2591"]
[Result "1-0"]
[Round "03"]
[TimeControl "180+1"]
[Date "2022.02.01"]
[WhiteClock "0:01:38"]
[BlackClock "0:00:36"]

1. d4 Nf6 2. Nf3 g6 3. c4 Bg7 4. Nc3 d5 5. Bg5 dxc4 6. Qa4+ c6 7. Qxc4 O-O 8. e4 b5 9. Qd3 c5 10. dxc5 Qc7 11. e5 Ng4 12. Nd5 Qxc5 13. Qd4 Qxd4 14. Nxd4 Bxe5 15. Nxb5 f6 16. Bd2 Na6 17. h3 e6 18. Ne7+ Kf7 19. Nxc8 Nxf2 20. Ncd6+ Ke7 21. Kxf2 Nc5 22. Bb4 1-0


[Site "https://www.chess.com"]

[Event "Titled Tuesday Blitz February 01 B 2022"]
[White "Bortnyk, Olexandr"]
[Black "Mustafayev, Farid"]
[WhiteFideId "14120828"]
[BlackFideId "13408771"]
[WhiteElo "2723"]
[BlackElo "2129"]
[Result "1-0"]
[Round "03"]
[TimeControl "180+1"]
[Date "2022.02.01"]
[WhiteClock "0:00:04"]
[BlackClock "0:00:09"]

1. e4 c6 2. c4 g6 3. d4 Bg7 4. Nc3 d6 5. Be3 Nd7 6. g3 e5 7. Bg2 Ngf6 8. Nf3 Ng4 9. Bg5 Qb6 10. h3 Qxb2 11. Bd2 Ngf6 12. O-O O-O 13. Rb1 Qa3 14. Qc2 Qa6 15. Rfc1 exd4 16. Nxd4 Nc5 17. Be3 Bd7 18. Rd1 Rfe8 19. Nb3 Qxc4 20. Bf1 Qe6 21. Bxc5 dxc5 22. Nxc5 Qe5 23. Nxd7 Nxd7 24. Rxd7 Qxc3 25. Qxc3 Bxc3 26. Rbxb7 Rf8 27. Bc4 Rad8 28. Bxf7+ Kh8 29. Bb3 Rxd7 30. Rxd7 Be1 31. Bf7 a5 32. Kf1 Bb4 33. Ke2 Rb8 34. f4 Bc3 35. e5 Rb2+ 36. Kf3 Be1 37. g4 Rd2 38. Rc7 Rf2+ 39. Ke3 Rc2 40. g5 Rc3+ 41. Ke2 Bg3 42. e6 Bxf4 43. Rc8+ Kg7 44. Rg8# 1-0


[Site "https://www.chess.com"]

[Event "Titled Tuesday Blitz February 01 B 2022"]
[White "Camacho Collados, Jose"]
[Black "Salinas Herrera, Pablo"]
[WhiteFideId "2265427"]
[BlackFideId "3407128"]
[WhiteElo "2351"]
[BlackElo "2541"]
[Result "0-1"]
[Round "03"]
[TimeControl "180+1"]
[Date "2022.02.01"]
[WhiteClock "0:00:17"]
[BlackClock "0:00:22"]

1. d4 d5 2. Nf3 Nf6 3. e3 Bg4 4. Nbd2 c6 5. c4 e6 6. Qb3 Qb6 7. c5 Qc7 8. h3 Bh5 9. Qc2 Nbd7 10. b4 e5 11. Bb2 Bg6 12. Qb3 exd4 13. Bxd4 Be7 14. Be2 O-O 15. O-O Rfe8 16. Rfc1 a6 17. a4 Bf8 18. Ne1 h6 19. Nd3 Ne4 20. Nxe4 Bxe4 21. b5 axb5 22. axb5 Rxa1 23. Bxa1 Bxd3 24. Qxd3 Nxc5 25. Qc2 Re6 26. Bd4 b6 27. bxc6 Rxc6 28. Bb5 Rg6 29. Qf5 Qd8 30. Rd1 Rg5 31. Qf3 Ne4 32. h4 Rg6 33. h5 Rg5 34. Bxg7 Kxg7 35. Qxe4 dxe4 36. Rxd8 Rxb5 37. g4 Rg5 38. f4 exf3 39. Kf2 Rxg4 40. Kxf3 Rg5 0-1


[Site "https://www.chess.com"]